 Dungeon Crawl Stone Soup version 0.20-a0-317-gc038824 (webtiles) character file.

651 Eviona the Insei (level 7, -1/52 HPs)
             Began as a Purple Draconian Transmuter on Dec 20, 2016.
             Was an Initiate of Sif Muna.
             Slain by a yak (10 damage)
             ... on level 3 of the Dungeon.
             The game lasted 00:15:53 (5064 turns).

Eviona the Insei (Purple Draconian Transmuter)      Turns: 5064, Time: 00:15:54

Health: -1/52      AC:  2    Str: 12    XL:     7   Next: 28%
Magic:  8/10       EV: 19    Int: 15    God:    Sif Muna [......]
Gold:   162        SH:  0    Dex: 17    Spells: 6/10 levels left

rFire  . . .     SeeInvis .       - Unarmed
rCold  . . .     Gourm    .     (armour unavailable)
rNeg   . . .     Faith    .     (shield currently unavailable)
rPois  x         Spirit   .     (helmet currently unavailable)
rElec  .         Reflect  .     (cloak currently unavailable)
rCorr  .         Harm     .     (gloves currently unavailable)
MR     +....                    (boots currently unavailable)
Stlth  ++........               (no amulet)
                                (no ring)
                                (no ring)

@: spider-form (expiring), very slightly contaminated
A: (breathe power), unfitting armour, (cold-blooded), AC +6
a: End Transformation, Renounce Religion


You were on level 3 of the Dungeon.
You worshipped Sif Muna.
Sif Muna was noncommittal.
You were not hungry.
You were a venomous arachnid creature.
You visited 2 branches of the dungeon, and saw 5 of its levels.

You collected 162 gold pieces.

Inventory:

Hand Weapons
 p - a +0 fustibalus
Missiles
 a - 33 arrows
 d - 144 stones (quivered)
 u - 4 tomahawks
Armour
 n - a +0 cloak (melded)
 v - a +0 pair of gloves (melded)
Jewellery
 q - an uncursed amulet of regeneration {unknown}
 w - an uncursed ring of poison resistance {unknown}
Scrolls
 e - 2 scrolls of noise {unknown}
 g - a scroll of enchant armour {unknown}
 h - 6 scrolls of identify {unknown}
 i - 2 scrolls of teleportation {unknown}
 k - a scroll of random uselessness {unknown}
 l - a scroll of fear {unknown}
 o - a scroll of enchant weapon {unknown}
Potions
 j - a potion of might {unknown}
 s - a potion of experience {unknown}
 t - 2 potions of curing {unknown}
 x - a potion of flight {unknown}
Books
 b - a book of Changes

   Spells                             Type                      Level
   a - Beastly Appendage              Transmutation                1
   b - Sticks to Snakes               Transmutation                2
   c - Spider Form                    Transmutation/Poison         3
   d - Ice Form                       Ice/Transmutation            4
   e - Blade Hands                    Transmutation                5
Comestibles
 c - 3 bread rations
 f - 3 meat rations
 m - 8 chunks of flesh
 r - 4 fruits


   Skills:
 - Level 1.1 Fighting
 - Level 1.7 Dodging
 + Level 7.7 Unarmed Combat
 - Level 2.4 Spellcasting
 - Level 4.0 Transmutations


You had 6 spell levels left.
You knew the following spells:

 Your Spells              Type           Power        Failure   Level  Hunger
a - Beastly Appendage     Tmut           ##....       14%         1    #......
b - Spider Form           Tmut/Pois      #.........   52%         3    ###....


Dungeon Overview and Level Annotations

Branches:
Dungeon (4/15)             Temple (1/1) D:4

Altars:
Ashenzari
Cheibriados
Dithmenos
Elyvilon
Fedhas
Gozag
Hepliaklqana
Makhleb
Nemelex Xobeh
Okawaru
Qazlal
Ru
Sif Muna
Uskayaw
Vehumet
Xom
Yredelemnul
The Shining One

Shops:
D:4 ?

Annotations:
D:3 Juniper's ghost, amateur NaVM


Innate Abilities, Weirdness & Mutations

((You can breathe bolts of dispelling energy.))
((Your rich purple scales are hard. (AC +6)))
You cannot fit into any form of body armour.
((You are cold-blooded and may be slowed by cold attacks.))


Message History

The yak completely misses you.
You hit the yak.
The yak is moderately wounded.
Your transformation is almost over.
The yak gores you!
* * * LOW HITPOINT WARNING * * *
The yak bellows!
You are too injured to fight recklessly!
You are too injured to fight recklessly!
The yak misses you.
You climb upwards.
Level annotation: Juniper's ghost, amateur NaVM
There is a stone staircase leading down here.
You are too injured to fight recklessly!
You barely miss the yak.
The yak is moderately wounded.
You bite the yak!
The yak looks as sick as possible!
The yak is severely wounded.
The yak gores you!
You die...

#...#.)..#
#...#....#
#...#....#
#........#
#........#
####.[...# #.)...#
#.Y################
#.s))).............
###################
##############
#.............
#)############ #.#
#....... #.#
#.###### #.#
#.#.....


You could see a yak.

Vanquished Creatures
  A yak (D:4)
  A phantom (D:4)
  5 orc priests
  4 orc wizards
  A worker ant (D:4)
  3 adders (D:4)
  An ooze (D:1)
  3 dart slugs
  2 leopard geckos
  24 orcs
  A ball python (D:1)
  6 bats
  3 giant cockroaches
  10 goblins
  8 hobgoblins
  2 frilled lizards
  8 kobolds
  A quokka skeleton (D:4)
  8 rats
92 creatures vanquished.

Notes
Turn   | Place    | Note
-------+----------+-------------------------------------------
     0 | D:1      | Eviona the Draconian Transmuter began the quest for the Orb.
     0 | D:1      | Reached XP level 1. HP: 16/16 MP: 3/3
   279 | D:1      | Reached XP level 2. HP: 23/23 MP: 5/5
   737 | D:1      | Found a shimmering altar of Xom.
   739 | D:1      | Found a hide-covered altar of Uskayaw.
   739 | D:1      | Found a sacrificial altar of Ru.
   762 | D:1      | Found an opulent altar of Gozag.
   762 | D:1      | Found a shattered altar of Ashenzari.
   762 | D:1      | Found an opulent altar of Gozag.
  1237 | D:2      | Reached XP level 3. HP: 28/28 MP: 6/6
  1451 | D:2      | Learned a level 3 spell: Spider Form
  2138 | D:3      | Noticed Juniper's ghost (amateur NaVM)
  2571 | D:3      | Reached XP level 4. HP: 34/35 MP: 3/7
  2973 | D:3      | Reached skill level 4 in Unarmed Combat
  3067 | D:3      | Reached XP level 5. HP: 34/40 MP: 1/8
  3256 | D:3      | Reached skill level 5 in Unarmed Combat
  4060 | D:4      | Found Vanemnovua's Magic Scroll Boutique.
  4090 | D:4      | Reached XP level 6. HP: 47/47 MP: 5/9
  4176 | D:4      | Reached skill level 6 in Unarmed Combat
  4306 | D:4      | Found a staircase to the Ecumenical Temple.
  4312 | Temple   | Entered the Ecumenical Temple
  4407 | Temple   | Became a worshipper of Sif Muna the Loreminder
  4671 | D:4      | Reached skill level 7 in Unarmed Combat
  4954 | D:4      | Noticed a yak
  4978 | D:4      | Killed a yak
  4978 | D:4      | Your scales start taking on a rich purple colour.
  4978 | D:4      | Reached XP level 7. HP: 36/52 MP: 3/10
  4979 | D:4      | Noticed a yak
  4979 | D:4      | Noticed a yak
  5064 | D:3      | Slain by a yak

Vault maps used:
D:1:      saegor_arrival_simple_c, doesnt_xom_only_xom
D:4:      first_bread, serial_shops, shop
Temple:   kilobyte_greek_temple

Skill      XL: |  1  2  3  4  5  6 |
---------------+-------------------+-----
Transmutations | 3 4 |  4.0
Unarmed Combat | 4 5 7 |  7.7
Fighting       | |  1.1
Dodging        | |  1.7
Spellcasting   | |  2.4

Action                   |  1- 3 |  4- 6 |  7- 9 || total
-------------------------+-------+-------+-------++-------
Melee: Unarmed           |   157 |   159 |     7 ||   323
       Tailslap          |    16 |     9 |       ||    25
       Kick              |     5 |       |       ||     5
Throw: Stone             |     9 |    17 |       ||    26
 Cast: Beastly Appendage |     6 |       |       ||     6
       Spider Form       |     3 |    17 |     1 ||    21
  Eat: Chunk             |     6 |    10 |     1 ||    17
Armor: Skin              |    38 |    16 |     1 ||    55
Dodge: Dodged            |   101 |    77 |     8 ||   186
